 Dungeon Crawl Stone Soup version 0.17-a0-1103-ga40c899 (webtiles) character file.

5014 Goodini51 the Protected (level 10, -6/79 HPs)
             Began as a Demonspawn Fighter on May 21, 2015.
             Was an Elder of Okawaru.
             Mangled by Snorg (13 damage)
             ... on level 10 of the Dungeon.
             The game lasted 00:41:02 (9160 turns).

Goodini51 the Protected (Demonspawn Fighter)        Turns: 9160, Time: 00:41:02

Health: -6/79      AC: 23    Str: 25    XL:     10   Next: 30%
Magic:  17/19      EV: 10    Int: 10    God:    Okawaru [****..]
Gold:   486        SH: 13    Dex: 12    Spells: 0 memorised, 9 levels left

rFire  . . .     SeeInvis .     a - +0 war axe
rCold  . . .     Clarity  .     s - +0 plate armour
rNeg   . . .     SustAb   .     c - +0 shield
rPois  .         Gourm    .     y - +2 helmet
rElec  .         Spirit   .     M - +0 cloak (curse)
rCorr  .         Warding  .     P - +0 pair of gloves
rMut   .         Stasis   .     (no boots)
MR     .....                    (no amulet)
Stlth  ..........               (no ring)
                                b - ring of magical power

@: mighty, heroism, not resistant to hostile enchantments, extremely unstealthy
A: talons 2, molten scales 1, powered by pain 1, spiny 2
a: Heroism, Renounce Religion


You were on level 10 of the Dungeon.
You worshipped Okawaru.
Okawaru was greatly pleased with you.
You were not hungry.

You visited 2 branches of the dungeon, and saw 11 of its levels.

You collected 486 gold pieces.

Inventory:

Hand weapons
 a - a +0 war axe (weapon)
Missiles
 w - 5 poisoned tomahawks (quivered)
Armour
 c - a +0 shield (worn)
 s - a +0 plate armour (worn)
 y - a +2 helmet (worn)
 M - a cursed +0 cloak (worn)
 P - a +0 pair of gloves (worn)
Jewellery
 b - a ring of magical power (left hand)
 q - an uncursed amulet of resist mutation
 N - a cursed ring of teleportation
Magical devices
 E - a wand of lightning (4)
 K - a wand of digging (8)
 L - a wand of random effects (19)
 Q - a wand of draining (6)
Scrolls
 f - 2 scrolls of magic mapping
 h - 6 scrolls of teleportation
 i - 2 scrolls of fog {unknown}
 j - a scroll of enchant armour
 n - 7 scrolls of identify
 o - a scroll of recharging {unknown}
 r - a scroll of fear
 u - 2 scrolls of remove curse
 v - a scroll of amnesia {unknown}
 B - a scroll of immolation {unknown}
 I - a scroll of enchant weapon {unknown}
 J - a scroll of random uselessness {unknown}
Potions
 d - a potion of might
 k - 2 potions of cancellation
 l - a potion of magic {unknown}
 m - a potion of agility
 p - a potion of poison {unknown}
 t - 4 potions of lignification {unknown}
 z - 2 potions of curing
 A - a potion of degeneration {unknown}
 F - a potion of ambrosia {unknown}
 G - 2 potions of flight {unknown}
Books
 C - a book of Envenomations

   Spells                             Type                      Level
   a - Spider Form                    Transmutation/Poison         3
   b - Alistair's Intoxication        Transmutation/Poison         4
   c - Olgreb's Toxic Radiance        Poison                       4
   d - Poisonous Cloud                Conjuration/Poison/Air       6
 D - a book of the Tempests

   Spells                             Type                      Level
   a - Static Discharge               Conjuration/Air              3
   b - Lightning Bolt                 Conjuration/Air              5
   c - Fireball                       Conjuration/Fire             5
   d - Tornado                        Air                          9
   e - Shatter                        Earth                        9
 O - a book of Fire

   Spells                             Type                      Level
   a - Ignite Poison                  Fire/Transmutation/Poison    3
   b - Fireball                       Conjuration/Fire             5
   c - Bolt of Fire                   Conjuration/Fire             6
   d - Delayed Fireball               Conjuration/Fire             7
   e - Ring of Flames                 Charms/Fire                  7
Comestibles
 e - 6 bread rations
 g - 7 fruits
 x - a royal jelly
 H - a meat ration
 R - 3 chunks of flesh


   Skills:
 + Level 7.4(12.4) Fighting
 + Level 7.3(12.3) Axes
 + Level 0.6(5.6) Throwing
 + Level 8.0(13.0) Armour
 + Level 2.1(7.1) Dodging
 + Level 0.4(5.4) Stealth
 + Level 7.2(12.2) Shields


You had 9 spell levels left.
You didn't know any spells.

Dungeon Overview and Level Annotations

Branches:
Dungeon (10/15)            Temple (1/1) D:4
   Lair: D:8-11         Orc: D:9-12

Altars:
Ashenzari
Dithmenos
Elyvilon
Fedhas
Gozag
Kikubaaqudgha
Makhleb
Nemelex Xobeh
Okawaru
Qazlal
Ru
Sif Muna
Vehumet
Yredelemnul
Zin
The Shining One

Annotations:
D:6 Somebody's ghost, experienced GrEE
D:7 Prince Ribbit
D:10 Snorg


Innate Abilities, Weirdness & Mutations

You have razor-sharp toenails.
You are partially covered in molten scales (AC +1).
You sometimes gain a little power by taking damage.
You are mostly covered in sharp spines.


Message History

Snorg bites you!! Snorg claws you but does no damage. Snorg claws you!
You block Snorg's attack. Snorg completely misses you.
Snorg claws you but does no damage.
Your plate armour prevents you from hitting Snorg.
Snorg is heavily wounded.
Snorg bites you. You block Snorg's attack. Snorg claws you! Snorg bites you.
Snorg claws you but does no damage. x2
Snorg rages.
Snorg rages.
Snorg bites you.
* * * LOW HITPOINT WARNING * * *
You block Snorg's attack. x2
Use which ability? (? or * to list)
You gain the combat prowess of a mighty hero.
You feel slightly more hungry. Snorg closely misses you. Snorg claws you!
* * * LOW HITPOINT WARNING * * *
Snorg claws you.
* * * LOW HITPOINT WARNING * * *
Snorg bites you!
You die...

...### #...# .. . #..#
#...# ####.##. #..# #...#
#...... .
#..#####...###.##.##..
#.....................
..................# #
(()...............# .#.#
########...###.##.##....##.
..# #...# #..@..........
#.# #...# ####T####..## #
#...# #........# #...#
###.##.#.# #...# #.# #...#
#.# #.# #.# ...


You could see Snorg (berserk).

Vanquished Creatures
  Maurice (D:9)
  Joseph (D:8)
  A spriggan (D:7)
  A yak (D:10)
  Grum (D:8)
  3 wolves (D:8)
  A water moccasin (D:7)
  A sky beast (D:7)
  3 black bears
  An ice beast (D:7)
  3 centaurs
  An eye of draining (D:7)
  4 phantoms
  3 ogres
  A crocodile (D:7)
  3 big kobolds
  6 giant frogs
  A wyvern zombie (D:8)
  6 crimson imps
  A giant frog zombie (D:9)
  An orc priest (D:4)
  A jelly (D:9)
  A centaur skeleton (D:5)
  A centaur zombie (D:5)
  4 hounds
  4 orc wizards
  Jessica (D:2)
  11 worker ants
  A killer bee zombie (D:9)
  4 iguanas
  A worker ant zombie (D:9)
  6 adders
  7 gnolls
  A river rat (D:10)
  5 shadow imps
  2 oozes
  A worm (D:5)
  12 giant geckos
  34 orcs
  4 ball pythons
  A bat skeleton (D:5)
  6 giant cockroaches
  8 goblins
  14 hobgoblins
  6 jackals
  28 kobolds
  5 quokkas
  12 bats
  7 giant newts
  26 rats
  A fungus (D:10)
259 creatures vanquished.

Vanquished Creatures (others)
  A plant (D:10)
1 creature vanquished.

Grand Total: 260 creatures vanquished

Notes
Turn   | Place    | Note
--------------------------------------------------------------
     0 | D:1      | Goodini51 the Demonspawn Fighter began the quest for the Orb.
     0 | D:1      | Reached XP level 1. HP: 18/18 MP: 1/1
   404 | D:1      | Gained mutation: You are partially covered in molten scales (AC +1). [demonic ancestry]
   404 | D:1      | Reached XP level 2. HP: 4/24 MP: 2/2
   995 | D:2      | Reached XP level 3. HP: 24/29 MP: 3/3
  1128 | D:2      | Noticed Jessica
  1140 | D:2      | Killed Jessica
  1387 | D:2      | Found a burning altar of Makhleb.
  1699 | D:3      | Reached XP level 4. HP: 33/35 MP: 4/4
  2217 | D:4      | Gained mutation: You have sharp toenails. [demonic ancestry]
  2217 | D:4      | Reached XP level 5. HP: 39/41 MP: 5/5
  2679 | D:4      | Reached XP level 6. HP: 26/48 MP: 6/6
  3004 | D:4      | Found a sparkling altar of Nemelex Xobeh.
  3136 | D:4      | Reached skill level 4 in Shields
  3167 | D:4      | Found a staircase to the Ecumenical Temple.
  3173 | Temple   | Entered the Ecumenical Temple
  3217 | Temple   | Became a worshipper of Warmaster Okawaru
  3359 | D:4      | Reached skill level 1 in Dodging
  3757 | D:5      | Entered Level 5 of the Dungeon
  3860 | D:5      | Gained mutation: You are partially covered in sharp spines. [demonic ancestry]
  3860 | D:5      | Reached XP level 7. HP: 6/54 MP: 7/7
  4444 | D:5      | Acquired Okawaru's first power
  4752 | D:5      | Reached skill level 5 in Shields
  4793 | D:5      | Gained mutation: You have razor-sharp toenails. [demonic ancestry]
  4793 | D:5      | Reached XP level 8. HP: 45/61 MP: 8/8
  4852 | D:5      | Found a sacrificial altar of Ru.
  4856 | D:5      | Reached skill level 5 in Armour
  5193 | D:6      | Noticed Somebody's ghost (experienced GrEE)
  5242 | D:6      | Reached skill level 5 in Fighting
  5843 | D:6      | Found a basalt altar of Yredelemnul.
  5844 | D:6      | Found a blossoming altar of Fedhas.
  5869 | D:6      | Found a stormy altar of Qazlal.
  5869 | D:6      | Found a radiant altar of Vehumet.
  5913 | D:6      | Reached skill level 5 in Axes
  6211 | D:7      | Reached skill level 6 in Armour
  6727 | D:7      | Gained mutation: You are mostly covered in sharp spines. [demonic ancestry]
  6727 | D:7      | Reached XP level 9. HP: 65/69 MP: 9/9
  7031 | D:7      | Noticed Prince Ribbit
  7245 | D:7      | Reached skill level 7 in Armour
  7408 | D:8      | Found a glowing silver altar of Zin.
  7443 | D:8      | Noticed Grum
  7462 | D:8      | Killed Grum
  7975 | D:8      | Noticed Joseph
  7996 | D:8      | Killed Joseph
  8289 | D:9      | Gained mutation: You sometimes gain a little power by taking damage. [demonic ancestry]
  8289 | D:9      | Reached XP level 10. HP: 72/77 MP: 10/10
  8392 | D:9      | Found a glowing golden altar of the Shining One.
  8439 | D:9      | Noticed Maurice
  8458 | D:9      | Killed Maurice
  8822 | D:10     | Entered Level 10 of the Dungeon
  8830 | D:10     | Reached skill level 8 in Armour
  8915 | D:10     | Found an opulent altar of Gozag.
  9146 | D:10     | Noticed Snorg
  9160 | D:10     | Mangled by Snorg

Vault maps used:
D:1:      dpeg_arrival_snail, solitary_fountain, hangedman_abyss_or_decor_stabs,
          minmay_misc_feat_hallway
D:2:      makhleb_blood_cavern_becter, uniq_jessica
D:3:      nrook_mini_vaults
D:4:      minmay_temple_entry_enclosed_plants, first_bread,
          nemelex_dance_club_becter
D:5:      nicolae_ru_awakened_eye
D:6:      grunt_temple_overflow_open
D:7:      the_bakery, minmay_lizard_king, uniq_prince_ribbit1
D:8:      zin_statuary, uniq_joseph, uniq_grum
D:9:      kennysheep_mini, uniq_maurice
D:10:     grunt_lair_entry_elf_guard_hut, grunt_gozag_breadcrumbs, uniq_snorg
Temple:   jpeg_temple_clearing_12

Action                   |  1- 3 |  4- 6 |  7- 9 | 10-12 || total
-------------------------+-------+-------+-------+-------++-------
Melee: War axe           |   120 |   250 |   391 |    95 ||   856
Throw: Tomahawk          |       |     3 |     3 |       ||     6
Invok: Heroism           |       |       |       |     1 ||     1
  Use: Potion            |       |     4 |     1 |       ||     5
       Scroll            |       |     2 |     8 |     2 ||    12
  Eat: Chunk             |     1 |     6 |     5 |     3 ||    15
       Fruit             |     1 |     2 |     1 |       ||     4
       Meat ration       |       |       |     2 |       ||     2
